 Dungeon Crawl Stone Soup version 0.29.0-13-gc9e81de378 (webtiles) character file.

Game seed: 6313151088254243225

18 masschaos23 the Poker (level 2, -3/24 HPs)
             Began as a Human Chaos Knight on Sept 7, 2022.
             Was a Plaything of Xom.
             Slain by Natasha (5 damage)
             ... on level 2 of the Dungeon.
             The game lasted 00:03:10 (442 turns).

masschaos23 the Poker (Human Chaos Knight)           Turns: 442, Time: 00:03:11

Health: -3/24      AC:  5    Str: 12    XL:     2   Next: 85%
Magic:  2/2        EV: 11    Int: 12    God:    Xom [..*...]
Gold:   35         SH:  0    Dex: 12    Spells: 1/1 levels left

rFire   . . .      SeeInvis .   a - +0 spear (chaos)
rCold   . . .      Faith    .   (no shield)
rNeg    . . .      Spirit   .   b - +2 leather armour
rPois   .          Reflect  .   (no helmet)
rElec   .          Harm     .   (no cloak)
rCorr   .          Rampage  .   (no gloves)
Will    .....                   (no boots)
Stlth   +.........              (no amulet)
HPRegen 0.08/turn               (no ring)
MPRegen 0.08/turn               (no ring)

@: mighty
A: no striking features
a: Renounce Religion


You were on level 2 of the Dungeon.
You worshipped Xom.
You were a toy of Xom.
You visited 1 branch of the dungeon, and saw 2 of its levels.

You collected 35 gold pieces.

Inventory:

Hand Weapons
 a - a +0 spear of chaos (weapon)
Armour
 b - a +2 leather armour (worn)
Scrolls
 d - a scroll of blinking {unknown}
Miscellaneous
 c - a piece from Xom's chessboard (15/15) (quivered)


   Skills:
 + Level 3.3 Fighting
 + Level 3.5 Polearms
 + Level 2.1 Armour
 + Level 1.0 Dodging


You had one spell level left.
You didn't know any spells.
Your spell library was empty.

Dungeon Overview and Level Annotations

Branches:
Dungeon (2/15)

Altars:

Annotations:
D:2 Natasha


Message History

You hit Natasha.
Natasha's magic leaks into the air.
Natasha is severely wounded.
Xom smirks.
You detect items!
The crimson imp hits you but does no damage.
Natasha drinks a potion.
Natasha is healed!
You hit Natasha but do no damage. You drain Natasha.
Natasha is lightly wounded.
The crimson imp hits you.
Natasha falters for a moment.
You hit Natasha but do no damage.
Natasha is lightly wounded.
The crimson imp blinks!
Natasha closely misses you.
You closely miss Natasha.
Natasha is lightly wounded.
The crimson imp blinks!
Natasha claws you.
You barely miss Natasha.
Natasha is lightly wounded.
Natasha claws you.
You closely miss Natasha.
Natasha's magic is no longer disrupted.
Natasha claws you.
You barely miss Natasha. Natasha barely misses you.
You barely miss Natasha.
Natasha mumbles some strange words.
Natasha glows brightly for a moment.
Natasha stares at you and mumbles some strange words.
The magic dart hits you!
* * * LOW HITPOINT WARNING * * *
You hit Natasha. You burn Natasha.
Natasha is moderately wounded. "See what I see, my child!"
You feel aware of your surroundings.
It was a potion of might.
You feel very mighty all of a sudden.
Xom is highly amused!
Natasha misses you.
You barely miss Natasha.
Natasha is moderately wounded.
Natasha claws you.
You die...
Xom giggles madly!

####.###...##.##.#.#
* *##.)#.#
#...##.##.#.# *
...#.# #...##.##....
**#....
..<..##.....#. ,
#...#####.######....
##.###..5# #.# #.#.#
∆ .....^...#
#.######.#.# *#..h#
#........#.# **
#.##@#####.########.#
,.. *#.......# .# ##
,*##.######* .# **
...., ,,, .#
######***


You could see Natasha (very drained) and a crimson imp (summoned).

Vanquished Creatures
  An adder (D:2)
  A hobgoblin (D:1)
  4 jackals (D:1)
  A quokka (D:1)
  A rat (D:1)
8 creatures vanquished.

Notes
Turn   | Place    | Note
-------+----------+-------------------------------------------
     0 | D:1      | masschaos23 the Human Chaos Knight began the quest for the
                  | Orb.
     0 | D:1      | Reached XP level 1. HP: 18/18 MP: 1/1
   206 | D:1      | Reached XP level 2. HP: 20/24 MP: 2/2
   231 | D:1      | XOM: silly message
   380 | D:1      | You fall into a shaft and drop 1 floor!
   425 | D:2      | Noticed Natasha
   428 | D:2      | Noticed a crimson imp
   431 | D:2      | XOM: divination: detect items
   439 | D:2      | HP: 1/24 [Natasha/magic dart (7)]
   440 | D:2      | XOM: divination: magic mapping
   442 | D:2      | Slain by Natasha

Illustrated notes

Levels and vault maps discovered:
D:1:      psy_arrival_fountain, layout_basic, hangedman_feature_mirror,
          chequers_serial_rivers_room_a
D:2:      layout_loops_ring, basic_altar, minmay_pentomino_pile, uniq_natasha

Action                   || total
-------------------------++-------
Melee: Spear             ||    43
       Punch             ||     1
  Use: Potion            ||     1
Armor: Leather armour    ||    11
Dodge: Dodged            ||    27
